 Dungeon Crawl Stone Soup version 0.19-a0-944-gb338e1e (webtiles) character file.

352867 zero the Phalangite (level 21, -8/336 HPs)
             Began as a Minotaur Berserker on July 8, 2016.
             Was the Champion of Trog.
             Shot with an arrow by a deep elf master archer (24 damage)
             ... on level 3 of the Elven Halls.
             The game lasted 01:37:44 (39748 turns).

zero the Phalangite (Minotaur Berserker)           Turns: 39748, Time: 01:37:45

Health: -8/336     AC: 27    Str: 31    XL:     21   Next: 32%
Magic:  29/29      EV: 15    Int:  6    God:    Trog [******]
Gold:   3474       SH: 25    Dex: 18    Spells: 0 memorised, 20 levels left

rFire  + . .     SeeInvis .     M - +11 demon trident "Wourath" {venom, rN++ Int-2}
rCold  + . .     Gourm    .     E - +6 plate armour of the Swamp {rF- Str-4 Dex+8 Slay+5}
rNeg   + + .     Faith    .     h - +3 large shield
rPois  +         Spirit   .     (helmet unavailable)
rElec  .         Dismiss  .     K - +0 cloak of the Unstoppable Runes {rF+ Int+2}
rCorr  .         Reflect  .     H - +0 pair of gloves "Qenges" {rPois rC+ Str-2 Stlth+}
SustAt +         Harm     +     Q - +2 pair of boots
MR     +++..                    B - amulet of Piqi {Harm *Drain +Fly Int+2}
Stlth  ..........               S - ring of sustain attributes
                                I - +5 ring of slaying

@: berserking (expiring), regenerating, very quick, extremely resistant to
hostile enchantments, extremely unstealthy
A: retaliatory headbutt, horns 3, deformed body, fire resistance 1, robust 1
a: Berserk, Trog's Hand, Brothers in Arms, Burn Spellbooks, Renounce Religion,
Evoke Flight
}: 2/15 runes: serpentine, barnacled


You were on level 3 of the Elven Halls.
You worshipped Trog.
Trog was exalted by your worship.
You were not hungry.

You visited 7 branches of the dungeon, and saw 38 of its levels.
You also visited: Bailey.

You collected 4986 gold pieces.
You spent 1512 gold pieces at shops.

Inventory:

Hand Weapons
 M - the +11 demon trident "Wourath" (weapon) {venom, rN++ Int-2}
   (Trog gifted it to you on level 11 of the Dungeon)

   It poisons the flesh of those it strikes.
   It affects your intelligence (-2).
   It greatly protects you from negative energy.
Missiles
 j - 8 throwing nets (quivered)
Armour
 h - a +3 large shield (worn)
 E - the +6 plate armour of the Swamp (worn) {rF- Str-4 Dex+8 Slay+5}
   (You bought it in a shop on level 2 of the Orcish Mines)

   It affects your strength (-4).
   It affects your dexterity (+8).
   It affects your accuracy and damage with ranged weapons and melee attacks
   (+5).
   It makes you vulnerable to fire.
 H - the +0 pair of gloves "Qenges" (worn) {rPois rC+ Str-2 Stlth+}
   (You bought it in a shop on level 2 of the Orcish Mines)

   It affects your strength (-2).
   It protects you from cold.
   It protects you from poison.
   It makes you more stealthy.
 K - the +0 cloak of the Unstoppable Runes (worn) {rF+ Int+2}
   (You bought it in a shop on level 2 of the Orcish Mines)

   It affects your intelligence (+2).
   It protects you from fire.
 Q - a +2 pair of boots (worn)
Jewellery
 m - an uncursed ring of protection from fire
 y - an uncursed amulet of regeneration
 B - the amulet of Piqi (around neck) {Harm *Drain +Fly Int+2}
   (You acquired it on level 2 of the Depths)

   [amulet of harm]

   It increases damage dealt and taken.
   It affects your intelligence (+2).
   It lets you fly.
   It causes draining when unequipped.
 D - an uncursed amulet of guardian spirit
 I - a +5 ring of slaying (left hand)
 J - a +3 amulet of reflection
 S - a ring of sustain attributes (right hand)
 W - an uncursed amulet of dismissal
Wands
 a - a wand of flame (16/48)
 U - a wand of teleportation (5/9)
 V - a wand of lightning (10/15)
 Z - a wand of disintegration (14/24)
Scrolls
 d - 12 scrolls of remove curse
 f - a scroll of recharging
 k - 6 scrolls of blinking
 n - a scroll of enchant weapon
 t - 6 scrolls of identify
 u - 11 scrolls of teleportation
 x - 7 scrolls of fear
 A - a scroll of silence
 F - a scroll of magic mapping
Potions
 b - 10 potions of curing
 e - a potion of agility
 g - a potion of berserk rage
 v - 4 potions of lignification
 C - a potion of magic
Miscellaneous
 i - a phantom mirror
 s - a disc of storms
 O - a lamp of fire
 R - a fan of gales
Comestibles
 c - 24 bread rations
 l - a beef jerky
 q - a meat ration


   Skills:
 + Level 21.0 Fighting
 + Level 23.4 Polearms
 + Level 20.2 Armour
 - Level 13.0 Dodging
 - Level 14.3 Shields
 - Level 12.0 Evocations


You had 20 spell levels left.
You didn't know any spells.

Dungeon Overview and Level Annotations

Branches:
Dungeon (15/15)            Temple (0/1) D:4            Lair (6/6) D:11
 Shoals (4/4) Lair:4        Snake (4/4) Lair:3        Slime (0/5) Lair:5
    Orc (2/2) D:10            Elf (3/3) Orc:2        Vaults (0/5) D:14
 Depths (4/5) D:15

Altars:
Cheibriados
Elyvilon
Makhleb
Pakellas
Ru
Sif Muna
Trog
Vehumet
Xom
Zin
Beogh
Jiyva

Shops:
D:6 **   D:12 [   Orc:2 *:[(   Elf:1 (

Portals:
Hell: Depths:1 Depths:2 Depths:3
Abyss: Depths:2
Pandemonium: Depths:3
Trove: Depths:3 (give 6 potions of agility)


Innate Abilities, Weirdness & Mutations

You reflexively headbutt those who attack you in melee.
You have a pair of large horns on your head.
Armour fits poorly on your strangely shaped body.
Your flesh is heat resistant. (rF+)
You are robust. (+10% HP)


Message History

You kill the deep elf elementalist!
Trog accepts your kill.
Trog appreciates your killing of a magic user.
Your Fighting skill increases to level 21!
The deep elf high priest prays to its god.
The deep elf high priest begins emitting a brilliant aura!
The deep elf sorcerer gestures wildly while chanting.
The deep elf sorcerer seems to speed up.
The deep elf master archer shoots an arrow.
The arrow hits you.
* * * LOW HITPOINT WARNING * * *
The deep elf master archer wields a longbow.
The deep elf master archer shoots an arrow.
The arrow completely misses you.
A deep elf sorcerer comes into view. It is wielding a dagger.
The deep elf sorcerer gestures at you while chanting.
You resist with almost no effort.
The deep elf master archer shoots an arrow.
The arrow hits you!!
You die...

.......##
#.......#
#e.....#
#..e..#
#.e...#
##..e..#
##....).#
.###....@..#
.e....)(..##
e........##
.........#
.......###
......#
######


You could see a deep elf master archer, 2 deep elf sorcerers and 2 deep elf high
priests.

Vanquished Creatures
  Saint Roka (Snake:4)
  Jorgrun (Elf:2)
  A tentacled monstrosity (Depths:3)
  A titan (Depths:2)
  A deep elf blademaster (Elf:2)
  2 large abominations (Depths:3)
  Polyphemus (Shoals:4)
  A sphinx (Depths:3)
  Frances (Elf:1)
  6 tengu reavers
  A shadow dragon (Depths:2)
  6 greater nagas
  Ilsuiw (Shoals:4)
  An iron dragon (Depths:2)
  Donald (Orc:2)
  5 frost giants
  A deep elf sorcerer (Elf:1)
  An orc warlord (Orc:2)
  3 fire giants
  Aizul (Snake:4)
  2 deep elf elementalists
  11 very ugly things
  5 stone giants
  3 vampire knights
  2 deep elf demonologists (Elf:3)
  Nessos (D:15)
  Azrael (D:15)
  14 spark wasps
  5 ettins
  A deep elf death mage (Elf:1)
  A deep elf annihilator (Elf:1)
  Snorg (D:14)
  8 fire dragons
  8 merfolk javelineers
  4 great orbs of eyes
  2 deep elf high priests
  13 merfolk impalers
  2 vault guards (D:14)
  2 yaktaur captains
  22 naga warriors
  4 rakshasas
  7 ice dragons
  6 hydras
  A catoblepas (Shoals:4)
  4 merfolk aquamancers
  A hell beast (Depths:3)
  7 anacondas
  6 merfolk avatars
  3 spriggan air magi (Depths:3)
  6 centaur warriors
  9 ogre magi
  2 alligator snapping turtles (Shoals:3)
  16 dancing weapons
  2 satyrs
  8 tengu warriors
  2 deep troll shamans
  Urug (D:12)
  7 deep troll earth magi
  9 death yaks
  6 spriggan berserkers
  2 orc high priests
  13 deep elf knights
  15 naga sharpshooters
  2 iron trolls (Depths:3)
  A fire crab (Lair:4)
  2 salamander mystics
  4 skeletal warriors (Depths:3)
  2 wizards (D:14)
  A swamp dragon (shapeshifter) (Depths:3)
  8 deep trolls
  20 sea snakes
  The ghost of tstbtto the Carver, a novice HEFi of Okawaru (D:8)
  3 unseen horrors
  A lindwurm (Lair:3)
  An orange crystal statue (Depths:3)
  3 giant orange brains
  7 deep elf archers
  9 orc knights
  The ghost of Zebura the Chopper, a novice NaGl of Okawaru (D:7)
  5 hill giants
  4 necromancers
  15 naga ritualists
  6 mana vipers
  9 harpies (Shoals:4)
  A wolf spider (Lair:6)
  8 fauns
  31 ugly things
  9 salamanders
  5 griffons
  35 deep elf magi
  7 orc sorcerers
  2 hornets
  6 cyclopes
  3 elephants (Lair:6)
  15 manticores
  An oklob plant (Lair:6)
  3 guardian serpents
  32 black mambas
  A gargoyle (D:13)
  12 sirens
  23 naga magi
  7 water nymphs
  14 spiny frogs
  2 kobold demonologists (D:14)
  17 yaktaurs
  11 rime drakes
  2 freezing wraiths
  5 komodo dragons
  A red devil (Depths:3)
  14 two-headed ogres
  A meliai (D:13)
  A wind drake (shapeshifter) (Depths:3)
  A tengu conjurer (Depths:2)
  3 wind drakes
  Prince Ribbit (D:9)
  8 trolls
  40 merfolk
  5 slime creatures
  11 blink frogs
  7 snapping turtles
  A hornet zombie (D:15)
  A meliai zombie (D:11)
  A spriggan (shapeshifter) (D:15)
  13 air elementals
  A redback (shapeshifter) (Depths:3)
  A redback (Lair:6)
  2 shadows
  5 spriggans
  10 water elementals
  A wraith (D:15)
  13 wyverns
  A yak (shapeshifter) (Depths:3)
  A hungry ghost (D:15)
  A vampire (D:11)
  A basilisk (Lair:1)
  40 yaks
  5 fire elementals
  4 hogs (Snake:4)
  A steam dragon (D:15)
  A human (shapeshifter) (Depths:1)
  18 humans (D:14)
  7 vampire mosquitoes
  A mottled dragon (D:15)
  11 hippogriffs
  4 wargs
  62 nagas
  12 water moccasins
  Menkaure (D:6)
  3 hell hounds (D:15)
  3 porcupines (D:11)
  6 sky beasts
  Duvessa (D:7)
  A black bear (shapeshifter) (Depths:1)
  A giant eyeball (Depths:3)
  10 wasps
  4 ice beasts
  7 phantoms
  29 orc warriors
  2 necrophages
  A wasp (shapeshifter) (Depths:1)
  33 ogres
  3 black bears
  3 boggarts (Depths:2)
  5 wolves (Lair:4)
  15 centaurs
  8 crocodiles
  3 big kobolds
  An earth elemental (Elf:2)
  12 giant frogs
  A wyvern zombie (D:11)
  Dowan (D:7)
  6 scorpions
  5 killer bees (D:13)
  24 wights
  An electric eel (Snake:2)
  6 howler monkeys
  9 crimson imps
  3 giant frog zombies
  6 centaur zombies
  8 hounds
  27 orc priests
  4 centaur skeletons
  A gnoll shaman (D:4)
  5 jellies
  Jessica (D:2)
  10 iguanas
  25 orc wizards
  15 worker ants
  21 sheep
  A giant frog simulacrum (D:13)
  A hound zombie (D:11)
  A mummy (D:11)
  3 hound skeletons
  A worker ant zombie (D:11)
  10 gnolls
  15 adders
  77 river rats
  3 shadow imps
  An ooze (D:4)
  An adder zombie (D:9)
  5 worms
  A dart slug (D:1)
  13 giant geckos
  97 orcs
  2 giant cockroaches
  6 hobgoblins
  10 jackals
  38 kobolds
  8 quokkas
  A ball python (D:1)
  6 bats
  A giant gecko skeleton (D:5)
  6 giant newts
  14 goblins
  3 quokka skeletons
  A quokka zombie (D:5)
  10 rats
  2 bushes (Lair:6)
  2 plants
1622 creatures vanquished.

Vanquished Creatures (collateral kills)
  A merfolk impaler (Shoals:4)
  A yaktaur captain (Depths:3)
  4 dancing weapons (Elf:2)
  A water nymph (Shoals:4)
  A water elemental (Shoals:4)
  A scorpion (D:10)
  An orc wizard (D:10)
  An orc (D:10)
11 creatures vanquished.

Vanquished Creatures (others)
  Kirke (Snake:4)
  An air elemental (Depths:3)
  A water elemental (Depths:3)
  3 boggarts (Depths:2)
  An orc (Orc:2)
  A crawling corpse (Depths:3)
  6 fungi
  16 plants
30 creatures vanquished.

Grand Total: 1663 creatures vanquished

Notes
Turn   | Place    | Note
-------+----------+-------------------------------------------
     0 | D:1      | zero the Minotaur Berserker began the quest for the Orb.
     0 | D:1      | Reached XP level 1. HP: 19/19 MP: 0/0
    66 | D:1      | Reached skill level 4 in Polearms
   127 | D:1      | Reached XP level 2. HP: 21/26 MP: 1/1
   350 | D:1      | Reached ** piety under Trog
   441 | D:1      | Reached skill level 5 in Polearms
   576 | D:1      | Reached XP level 3. HP: 31/31 MP: 2/2
  1200 | D:2      | Reached XP level 4. HP: 35/39 MP: 3/3
  1282 | D:2      | Noticed Jessica
  1286 | D:2      | Killed Jessica
  1286 | D:2      | Reached skill level 6 in Polearms
  1407 | D:2      | Reached *** piety under Trog
  1928 | D:3      | Noticed an ice beast
  1945 | D:3      | Killed an ice beast
  1945 | D:3      | Reached skill level 7 in Polearms
  1945 | D:3      | Reached XP level 5. HP: 35/45 MP: 4/4
  2181 | D:3      | Found a sacrificial altar of Ru.
  2377 | D:4      | Reached skill level 8 in Polearms
  2453 | D:4      | Reached XP level 6. HP: 20/51 MP: 5/5
  2841 | D:4      | Reached skill level 9 in Polearms
  3019 | D:4      | Reached XP level 7. HP: 46/57 MP: 6/6
  3079 | D:4      | Reached skill level 10 in Polearms
  3337 | D:4      | Reached **** piety under Trog
  3351 | D:4      | Reached skill level 11 in Polearms
  3545 | D:4      | Found a staircase to the Ecumenical Temple.
  3717 | D:5      | Entered Level 5 of the Dungeon
  3734 | D:5      | Found a white marble altar of Elyvilon.
  3881 | D:5      | Reached skill level 1 in Shields
  3986 | D:5      | Reached XP level 8. HP: 62/66 MP: 7/7
  4543 | D:6      | Found Jaudedi's General Store.
  4597 | D:6      | Reached skill level 5 in Fighting
  4666 | D:6      | Reached ***** piety under Trog
  4725 | D:6      | Found a snail-covered altar of Cheibriados.
  4813 | D:6      | Noticed Menkaure
  4818 | D:6      | Killed Menkaure
  5115 | D:6      | Reached skill level 5 in Armour
  5129 | D:6      | Found Bic Efa's General Store.
  5145 | D:6      | Reached XP level 9. HP: 68/75 MP: 8/8
  5409 | D:7      | Noticed Duvessa
  5412 | D:7      | Noticed Dowan
  5425 | D:7      | Reached skill level 12 in Polearms
  5433 | D:7      | Reached skill level 5 in Shields
  5436 | D:7      | Killed Duvessa
  5448 | D:7      | Killed Dowan
  5825 | D:7      | Noticed Zebura's ghost (novice NaGl)
  6298 | D:7      | Killed Zebura's ghost
  6298 | D:7      | Reached XP level 10. HP: 88/88 MP: 9/9
  6361 | D:8      | Received a gift from Trog
  6737 | D:8      | Noticed tstbtto's ghost (novice HEFi)
  6748 | D:8      | Killed tstbtto's ghost
  6972 | D:8      | Reached skill level 13 in Polearms
  7377 | D:9      | Noticed Prince Ribbit
  7392 | D:9      | Killed Prince Ribbit
  7677 | D:9      | Found a flagged portal.
  7697 | Bailey   | Entered a bailey
  7743 | Bailey   | Noticed an orc knight
  7760 | Bailey   | Killed an orc knight
  7954 | Bailey   | Noticed an orc knight
  7970 | Bailey   | Killed an orc knight
  7974 | Bailey   | Reached XP level 11. HP: 99/99 MP: 10/10
  8027 | Bailey   | Found an iron altar of Okawaru.
  8140 | D:9      | Found a radiant altar of Vehumet.
  8146 | D:9      | Found an oddly glowing altar of Pakellas.
  8146 | D:9      | Found a burning altar of Makhleb.
  8261 | D:9      | Found a glowing silver altar of Zin.
  8384 | D:10     | Entered Level 10 of the Dungeon
  8385 | D:10     | Noticed an orc knight
  8393 | D:10     | Noticed an orc knight
  8398 | D:10     | Noticed an orc knight
  8400 | D:10     | Received a gift from Trog
  8514 | D:10     | Reached skill level 10 in Fighting
  8557 | D:10     | Killed an orc knight
  8655 | D:10     | Killed an orc knight
  8677 | D:10     | Killed an orc knight
  8740 | D:10     | Found a roughly hewn altar of Beogh.
  8740 | D:10     | Found a staircase to the Orcish Mines.
  9097 | D:10     | Noticed a five-headed hydra
  9113 | D:10     | Killed a five-headed hydra
  9113 | D:10     | Reached skill level 14 in Polearms
  9113 | D:10     | Reached skill level 10 in Armour
  9488 | D:11     | Noticed a red ugly thing
  9499 | D:11     | Killed a red ugly thing
  9552 | D:11     | Found a staircase to the Lair.
  9865 | D:11     | Received a gift from Trog
  9866 | D:11     | Got a steaming demon trident {god gift}
  9867 | D:11     | Identified the +11 demon trident "Wourath" {venom, rN++ Int-2} (Trog gifted it to you on level 11 of the Dungeon)
 10079 | D:11     | Noticed a hill giant
 10085 | D:11     | Killed a hill giant
 10223 | D:12     | Reached XP level 12. HP: 108/108 MP: 11/11
 10247 | D:12     | Found a bloodstained altar of Trog.
 10255 | D:12     | Reached skill level 15 in Polearms
 10268 | D:12     | Noticed Urug
 10272 | D:12     | Killed Urug
 10505 | D:12     | Found Plog's Antique Armour Shop.
 11018 | Lair:1   | Entered Level 1 of the Lair of Beasts
 11024 | Lair:1   | Reached skill level 5 in Dodging
 11247 | Lair:1   | Reached ****** piety under Trog
 11572 | Lair:1   | Found a dark tunnel.
 11912 | Lair:1   | You fall through a shaft!
 12391 | Lair:2   | Reached skill level 10 in Shields
 12523 | Lair:2   | Received a gift from Trog
 13072 | Lair:3   | Reached XP level 13. HP: 118/118 MP: 12/12
 13090 | Lair:3   | Found a staircase to the Snake Pit.
 13731 | Lair:4   | Found a staircase to the Shoals.
 14635 | Lair:5   | Reached skill level 16 in Polearms
 14674 | Lair:5   | Found a viscous altar of Jiyva.
 14674 | Lair:5   | Found a staircase to the Slime Pits.
 14827 | Lair:5   | Gained mutation: You are robust. (+10% HP) [potion of beneficial mutation]
 15268 | Lair:6   | Entered Level 6 of the Lair of Beasts
 15291 | Lair:6   | Received a gift from Trog
 15339 | Lair:6   | Received a gift from Trog
 15654 | Lair:6   | Reached XP level 14. HP: 143/143 MP: 13/13
 15843 | Lair:6   | Received a gift from Trog
 16234 | Lair:6   | Reached skill level 10 in Dodging
 16342 | Lair:6   | Gained mutation: You have a pair of large horns on your head. [potion of mutation]
 16342 | Lair:6   | Gained mutation: Armour fits poorly on your strangely shaped body. [potion of mutation]
 16342 | Lair:6   | Gained mutation: Your flesh is heat resistant. (rF+) [potion of mutation]
 16759 | Orc:1    | Entered Level 1 of the Orcish Mines
 17003 | Orc:2    | Entered Level 2 of the Orcish Mines
 17104 | Orc:2    | Found a staircase to the Elven Halls.
 17175 | Orc:2    | Received a gift from Trog
 17332 | Orc:2    | Noticed an orc warlord
 17353 | Orc:2    | Killed an orc warlord
 17422 | Orc:2    | Found a roughly hewn altar of Beogh.
 17456 | Orc:2    | Found Garipruku's Antique Weapon Emporium.
 17475 | Orc:2    | Found Zoyxia's Antique Armour Emporium.
 17480 | Orc:2    | Found Ehuhaly's General Store.
 17689 | Orc:2    | Found Vuazame's Book Emporium.
 17821 | Orc:2    | Noticed Donald
 17839 | Orc:2    | Killed Donald
 17903 | Orc:2    | Bought a slimy plate armour for 868 gold pieces
 17903 | Orc:2    | Bought a pair of crude gloves for 294 gold pieces
 17903 | Orc:2    | Bought a jewelled cloak for 294 gold pieces
 17913 | Orc:2    | Identified the +6 plate armour of the Swamp {rF- Str-4 Dex+8 Slay+5} (You bought it in a shop on level 2 of the Orcish Mines)
 17924 | Orc:2    | Identified the +0 pair of gloves "Qenges" {rPois rC+ Str-2 Stlth+} (You bought it in a shop on level 2 of the Orcish Mines)
 17934 | Orc:2    | Identified the cursed +0 cloak of the Unstoppable Runes {rF+ Int+2} (You bought it in a shop on level 2 of the Orcish Mines)
 17951 | Orc:2    | Bought a scroll of identify for 28 gold pieces
 17951 | Orc:2    | Bought a scroll of identify for 28 gold pieces
 18167 | D:13     | Got a dazzling flail
 18196 | D:13     | Reached skill level 17 in Polearms
 18236 | D:13     | Received a gift from Trog
 18909 | D:13     | Identified the +4 flail "Deit" {crush, rPois Str+3} (You found it on level 13 of the Dungeon)
 19217 | D:14     | Reached XP level 15. HP: 152/152 MP: 14/14
 19265 | D:14     | Received a gift from Trog
 19299 | D:14     | Found a gate to the Vaults.
 19503 | D:14     | Noticed Snorg
 19510 | D:14     | Killed Snorg
 20038 | D:14     | Reached skill level 15 in Armour
 20294 | D:14     | Found a deep blue altar of Sif Muna.
 20318 | D:15     | Entered Level 15 of the Dungeon
 20318 | D:15     | Found a shimmering altar of Xom.
 20545 | D:15     | Received a gift from Trog
 20564 | D:15     | Reached skill level 15 in Fighting
 20643 | D:15     | Noticed Azrael
 20658 | D:15     | Killed Azrael
 21000 | D:15     | Reached skill level 18 in Polearms
 21071 | D:15     | Noticed Nessos
 21076 | D:15     | Killed Nessos
 21177 | D:15     | Found a staircase to the Depths.
 21440 | Snake:1  | Entered Level 1 of the Snake Pit
 22232 | Snake:2  | Received a gift from Trog
 22288 | Snake:2  | Reached XP level 16. HP: 160/163 MP: 15/15
 23038 | Snake:3  | Received a gift from Trog
 23309 | Snake:3  | Reached skill level 19 in Polearms
 23839 | Snake:4  | Entered Level 4 of the Snake Pit
 23884 | Snake:4  | Noticed Kirke
 23896 | Snake:4  | Received a gift from Trog
 23929 | Snake:4  | Killed Kirke
 24075 | Snake:4  | Noticed Saint Roka
 24092 | Snake:4  | Killed Saint Roka
 24238 | Snake:4  | Noticed Aizul
 24250 | Snake:4  | Killed Aizul
 24273 | Snake:4  | Reached XP level 17. HP: 160/173 MP: 16/16
 24819 | Snake:4  | Received a gift from Trog
 25074 | Snake:4  | Got a serpentine rune of Zot
 25407 | Elf:1    | Entered Level 1 of the Elven Halls
 25443 | Elf:1    | Paralysed by an orc sorcerer for 3 turns
 25450 | Elf:1    | Reached skill level 1 in Evocations
 25478 | Elf:1    | Reached skill level 20 in Polearms
 25479 | Elf:1    | Received a gift from Trog
 25804 | Elf:1    | Found Rajiweaf's Antique Weapon Shoppe.
 25831 | Elf:1    | Noticed Frances
 25842 | Elf:1    | Killed Frances
 26565 | Depths:1 | Entered Level 1 of the Depths
 26667 | Depths:1 | Reached skill level 5 in Evocations
 26809 | Depths:1 | Received a gift from Trog
 26812 | Depths:1 | Reached XP level 18. HP: 107/185 MP: 19/21
 27374 | Depths:1 | Found a gateway to Hell.
 27392 | Depths:1 | Received a gift from Trog
 27747 | Depths:1 | Received a gift from Trog
 27916 | Depths:2 | Found a flickering gateway to a bazaar.
 28025 | Depths:2 | Found a one-way gate to the infinite horrors of the Abyss.
 28778 | Depths:2 | You fall through a shaft for 2 floors!
 29039 | Depths:3 | Reached skill level 21 in Polearms
 29080 | Depths:3 | Received a gift from Trog
 29226 | Depths:3 | Reached XP level 19. HP: 82/196 MP: 25/25
 29497 | Depths:3 | Found a runed door.
 29656 | Depths:3 | Reached skill level 10 in Evocations
 29797 | Depths:3 | Found a portal to a secret trove of treasure.
 30144 | Depths:3 | Found a runed door.
 30754 | Depths:3 | Found a one-way gate leading to the halls of Pandemonium.
 30756 | Depths:3 | HP: 8/298 [deep troll[an orange crystal statue] (12)]
 30761 | Depths:3 | HP: 2/298 [deep troll[an orange crystal statue] (8)]
 31113 | Depths:3 | Received a gift from Trog
 31463 | Depths:2 | Identified a scroll of acquirement
 31466 | Depths:2 | Got a coiled ivory amulet
 31468 | Depths:2 | Identified the amulet of Piqi {Harm *Drain +Fly Int+2} (You acquired it on level 2 of the Depths)
 31689 | Depths:2 | Noticed a lich
 32420 | Depths:2 | Reached skill level 22 in Polearms
 32768 | Depths:2 | Reached XP level 20. HP: 197/210 MP: 28/28
 33286 | Shoals:1 | Entered Level 1 of the Shoals
 33649 | Shoals:1 | Received a gift from Trog
 35583 | Shoals:3 | Received a gift from Trog
 35888 | Shoals:4 | Entered Level 4 of the Shoals
 35888 | Shoals:4 | Noticed Polyphemus
 36353 | Shoals:4 | Killed Polyphemus
 36617 | Shoals:4 | Noticed Ilsuiw
 36697 | Shoals:4 | Killed Ilsuiw
 36784 | Shoals:4 | Received a gift from Trog
 37039 | Shoals:4 | HP: 4/212 [snapping turtle (12)]
 37858 | Shoals:4 | Got a barnacled rune of Zot
 38195 | Elf:2    | Found a runed gate.
 38195 | Elf:2    | Found a runed gate.
 38195 | Elf:2    | Found a runed gate.
 38208 | Elf:2    | Reached skill level 23 in Polearms
 38285 | Elf:2    | Received a gift from Trog
 38354 | Elf:2    | Reached XP level 21. HP: 222/222 MP: 29/29
 38782 | Elf:2    | Noticed Jorgrun
 38813 | Elf:2    | Killed Jorgrun
 39519 | Elf:3    | Entered Level 3 of the Elven Halls
 39568 | Elf:3    | Received a gift from Trog
 39747 | Elf:3    | HP: 15/336 [deep elf master archer/arrow (7)]
 39748 | Elf:3    | Shot with an arrow by a deep elf master archer

Vault maps used:
D:1:      minmay_arrival_doors
D:2:      kennysheep_big_flooded_room, first_bread, kennysheep_jessica_study
D:3:      nicolae_ru_path_of_blood
D:4:      minmay_opposing_rooms, chequers_ossuary_entry_cave, kennysheep_dice
D:5:      elyvilon_altar_5, gup_sewer_entry_bubbles
D:6:      cheibriados_altar_1, serial_shops, shop, nicolae_shop_waterfront,
          hangedman_abyss_or_decor_lesser_grid, uniq_menkaure
D:7:      hangedman_glass_teeth, grunt_ogre_cave, uniq_duvessa
D:9:      zin_treasury, gammafunk_temple_overflow_forgotten, enter_bailey_3,
          nrook_loot_triangle, uniq_prince_ribbit1
D:10:     david_orc_5
D:11:     minmay_lair_entry_grove, serial_undead, serial_undead_d,
          serial_undead_c, serial_undead_c, serial_undead_a
D:12:     serial_shops, nicolae_shop_window_shopping, basic_altar, uniq_urug
D:13:     minmay_swirls_squares
D:14:     grunt_vaults_entry_tiered, tgw_sif, uniq_snorg
D:15:     grunt_enter_depths_magical_seal, minmay_stone_trees_small,
          basic_altar, nrook_mini_backslash, hangedman_abyss_or_decor_clamps,
          uniq_azrael, uniq_nessos
Lair:1:   nicolae_volcano_entry_s_turn
Lair:2:   grunt_megastairs_3
Lair:3:   guppyfry_snake_entry_garden, nicolae_quartered_pool_medium,
          grunt_megastairs_1
Lair:4:   elwin_shoals_entry_stream, grunt_megastairs_2
Lair:5:   slime_altar_1, hangedman_lair_unloving_vines, minmay_lair_drake_nest
Lair:6:   hangedman_lair_tendril_chambers, minmay_lair_oklob_bushes,
          serial_bayou_shore_b
Shoals:3: nicolae_shoals_stone_sculpture_thing
Shoals:4: shoals_end_simple, shoals_ilsuiw_alternative, uniq_polyphemus
Snake:2:  serial_bayou_shore_a
Snake:4:  snake_pit, uniq_kirke, uniq_aizul, uniq_saint_roka
Orc:1:    uniq_maud
Orc:2:    grunt_orc_cross, uniq_donald
Elf:1:    eino_elf_arrival_sip, serial_shops, shop, hangedman_elf_represent,
          uniq_frances
Elf:2:    uniq_jorgrun
Elf:3:    nooodl_elf_gasket
Depths:1: hell_entry, minmay_misc_feat_nine_boxes, hangedman_decor_growths,
          kennysheep_generic_room_14
Depths:2: hangedman_stitches_corridor, serial_shops, bzr_entry_dummy,
          abyss_entry, hell_entry, grunt_decor_mini_mirrors,
          nicolae_two_hexagons
Depths:3: thingy_vault_2, nicolae_trove_entry_crossroad, grunt_mini_vestibule,
          pan_entry, minmay_misc_feat_hallway, infiniplex_staircase_zigzag_4,
          kennysheep_random_hallway
Depths:4: kennysheep_bubbly, hell_entry, abyss_entry_flame_altar, nicolae_wwwww,
          infiniplex_staircase_star
Bailey:   bailey_axe_3, bailey

Skill      XL: |  1  2  3  4  5  6  7  8  9 10 11 12 13 14 15 16 17 18 19 20 21 |
---------------+----------------------------------------------------------------+-----
Polearms       | 4 5 7 8 9 11 12 13 14 15 16 17 18 19 20 21 22 23 | 23.4
Shields        | 1 4 6 8 9 10 11 12 13 14 | 14.3
Fighting       | 4 5 8 9 10 12 13 14 15 16 17 18 19 20 21 | 21.0
Armour         | 3 5 7 9 11 12 13 14 15 17 18 19 20 | 20.2
Dodging        | 3 6 9 10 11 12 13 | 13.0
Evocations     | 5 9 12 | 12.0

Action                   |  1- 3 |  4- 6 |  7- 9 | 10-12 | 13-15 | 16-18 | 19-21 || total
-------------------------+-------+-------+-------+-------+-------+-------+-------++-------
Melee: Spear             |   131 |   216 |    36 |       |       |       |       ||   383
       Headbutt          |    14 |    28 |    53 |   150 |   240 |   276 |   273 ||  1034
       Trident           |       |       |   309 |   532 |       |       |       ||   841
       Demon trident     |       |       |       |   306 |  1306 |  1298 |  1393 ||  4303
       Halberd           |       |       |       |    30 |       |       |       ||    30
       Unarmed           |       |       |       |       |       |    19 |       ||    19
Throw: Throwing net      |       |       |       |     1 |       |       |       ||     1
       Javelin           |       |       |       |       |       |     3 |       ||     3
Invok: Berserk           |       |     1 |     6 |     5 |     4 |     6 |     9 ||    31
       Trog's Hand       |       |     1 |     2 |     3 |     1 |     3 |     5 ||    15
       Burn Spellbooks   |       |       |     2 |     1 |     5 |     2 |     3 ||    13
       Brothers in Arms  |       |       |       |     1 |       |     1 |     4 ||     6
 Abil: Evoke Flight      |       |       |       |       |       |       |     2 ||     2
Evoke: Wand              |       |       |       |     1 |       |       |     2 ||     3
       Lamp of fire      |       |       |       |       |       |       |     1 ||     1
  Use: Scroll            |       |    10 |     9 |    11 |    13 |     7 |    12 ||    62
       Potion            |       |     1 |     1 |     3 |     3 |     2 |     5 ||    15
  Eat: Chunk             |     1 |     5 |    14 |    22 |    16 |     9 |    10 ||    77
       Fruit             |       |     1 |     2 |     7 |     6 |       |     3 ||    19
       Beef jerky        |       |     1 |     1 |       |     1 |       |     1 ||     4
       Pizza             |       |       |       |     1 |     1 |     3 |     3 ||     8
       Meat ration       |       |       |       |       |     3 |     3 |     6 ||    12
Armor: Animal skin       |     9 |       |       |       |       |       |       ||     9
       Ring mail         |    15 |     2 |       |       |       |       |       ||    17
       Chain mail        |       |    76 |    40 |       |       |       |       ||   116
       Plate armour      |       |       |    61 |   183 |   300 |   289 |   394 ||  1227
Dodge: Dodged            |    50 |    17 |    30 |    76 |   199 |   245 |   323 ||   940
Block: Large shield      |    12 |    91 |   179 |   456 |   857 |   890 |  1243 ||  3728
